Map: 16 bits EC

Players

MerCenary

  • Race: Terran Terran
  • Spawn Location: 7:00

HoldTheDoor - Winner!

  • Race: Protoss Protoss
  • League: Diamond
  • Spawn Location: 1:00

VOD

Have the link to the VOD?

Description

Time

  • Played on: July 5, 2018, 12:29 p.m.
  • Length: 16:04
Show
View Real Time Build Order
Export as new Build Order

MerCenary Terran 

Build Orders: Reaper Expand, MMM Bio 

Get SALT Encoding   

  12  0:00  SCV  
  13  0:13  SCV  
  14  0:19  Supply Depot  
  14  0:25  SCV  
  15  0:43  Barracks  
  15  0:45  SCV  
  15  0:48  Refinery  
  16  0:57  SCV  
  17  1:10  SCV  
  19  1:29  Orbital Command  
  18  1:33  Reaper  
  19  1:50  Command Center  
  19  1:55  SCV  
  20  2:05  Reaper  
  21  2:14  SCV  
  22  2:17  Refinery  
  22  2:20  Barracks  
  22  2:49  Barracks Tech Lab  
  22  2:52  SCV  
  22  3:00  Factory  
  22  3:01  Orbital Command  
  22  3:04  SCV  
  23  3:07  Barracks Reactor  
  23  3:08  Marine  
  24  3:16  SCV  
  25  3:23  Barracks  
  25  3:28  SCV  
  25  3:31  SCV  
  27  3:40  SCV  
  28  3:44  Marine  
  28  3:45  Marine x2  
  28  3:46  Stimpack  
  29  3:49  Factory Tech Lab  
  29  3:50  SCV  
  30  3:57  SCV  
  30  3:58  Starport  
  32  4:02  SCV  
  32  4:03  Marine x2  
  34  4:10  Siege Tank  
  34  4:14  Supply Depot  
  37  4:19  Supply Depot  
  37  4:20  SCV  
  38  4:24  Barracks Tech Lab  
  38  4:36  SCV x2, Marine x3  
  43  4:42  Siege Tank  
  46  4:46  Refinery  
  46  4:48  SCV x2  
  46  4:51  Marine  
  49  4:54  Marine x3, Combat Shields  
  52  5:07  SCV x2  
  52  5:10  Refinery  
  52  5:13  Supply Depot  
  54  5:29  Supply Depot  
  54  5:30  Supply Depot  
  54  5:34  Marine x4  
  54  5:35  SCV x2, Medivac  
  62  5:38  Command Center  
  62  5:50  SCV x2, Siege Tank  
  62  5:52  Marine x2  
  62  5:53  Marine  
  70  5:57  Marauder  
  70  6:03  Supply Depot  
  72  6:12  Marine x2  
  72  6:13  Marine  
  72  6:15  SCV x2  
  77  6:20  Supply Depot  
  77  6:36  Marine x3  
  77  6:37  Siege Tank  
  77  6:38  Marine  
  84  6:42  Engineering Bay  
  84  6:45  Starport Reactor  
  84  6:47  Engineering Bay  
  84  6:53  Orbital Command  
  84  6:54  Marine  
  82  7:19  Marine x4  
  82  7:22  Missile Turret  
  79  7:24  Missile Turret  
  79  7:25  Missile Turret  
  79  7:37  Marine x4  
  69  7:54  Marine  
  69  7:55  Marine x3  
  65  8:00  Orbital Command  
  65  8:08  Viking  
  65  8:12  Marine  
  68  8:20  SCV  
  68  8:23  Marine  
  68  8:24  Marine x2  
  72  8:30  Marine  
  73  8:45  Marine x3  
  76  8:49  Medivac x2  
  76  8:52  Marine  
  81  8:58  Missile Turret  
  81  9:00  Missile Turret  
  81  9:03  Marine  
  81  9:06  Missile Turret  
  80  9:14  Marine x2  
  80  9:15  Marine  
  83  9:21  Marine  
  84  9:32  Marine x3  
  84  9:35  Medivac  
  84  9:36  Medivac  
  91  9:39  Marine  
  91  9:50  Marine x3  
  94  9:54  Missile Turret  
  94  10:01  Supply Depot  
  94  10:02  Supply Depot x2  
  94  10:04  Supply Depot  
  94  10:06  Marine  
  95  10:08  Marine x3  
  98  10:24  Marine  
  98  10:26  Marine x2  
  92  10:39  Marine  
  92  10:42  Marine  
  80  10:43  Marine x2  
  73  10:57  Marine  
  73  10:59  Marine  
  73  11:01  Marine x2  
  53  11:15  Marine  
  53  11:17  Marine  
  55  11:19  Marine x2  
  50  11:59  Command Center  
  50  12:15  Supply Depot  
  15  13:56  SCV  
  15  13:57  Command Center  
  3  15:11  SCV  
  4  15:25  SCV  
Show
View Real Time Build Order
Export as new Build Order

HoldTheDoor Protoss - Winner!

Build Orders:  

Get SALT Encoding   

  12  0:00  Probe  
  13  0:13  Probe  
  14  0:18  Pylon  
  14  0:25  Probe  
  15  0:37  Probe  
  15  0:40  Gateway  
  16  0:45  Probe  
  16  0:48  Assimilator  
  17  0:54  Probe  
  17  0:57  Assimilator  
  18  1:05  Probe  
  19  1:17  Probe  
  20  1:22  Pylon  
  20  1:27  Cybernetics Core  
  20  1:29  Probe  
  21  1:41  Probe  
  22  1:52  Gateway  
  22  1:53  Probe  
  23  2:05  Stargate  
  23  2:06  Probe  
  24  2:11  Stalker  
  24  2:15  Warp Gate  
  26  2:23  Pylon  
  26  2:26  Probe  
  27  2:38  Probe  
  28  3:00  Nexus  
  28  3:03  Void Ray  
  28  3:18  Probe  
  33  3:30  Probe  
  34  3:44  Probe  
  35  3:56  Probe  
  36  4:03  Protoss Air Armor Level 1  
  36  4:04  Void Ray  
  36  4:08  Probe  
  37  4:13  Assimilator  
  37  4:14  Pylon  
  41  4:20  Probe  
  42  4:27  Probe  
  43  4:32  Probe  
  44  4:39  Probe  
  44  4:44  Probe, Pylon  
  46  4:50  Void Ray  
  46  4:51  Probe  
  51  4:57  Probe  
  52  5:01  Stargate  
  52  5:03  Probe  
  53  5:09  Probe  
  53  5:13  Assimilator  
  54  5:15  Probe  
  54  5:18  Stalker  
  54  5:19  Stalker  
  54  5:21  Probe  
  60  5:23  Void Ray  
  64  5:37  Probe x2  
  64  5:42  Stalker x2  
  70  5:48  Pylon  
  70  5:49  Pylon  
  70  5:56  Void Ray, Pylon  
  70  6:04  Pylon  
  70  6:05  Void Ray  
  70  6:06  Probe  
  79  6:23  Probe x2  
  81  6:26  Zealot x2  
  85  6:34  Pylon  
  85  6:40  Void Ray  
  89  6:48  Void Ray  
  93  6:57  Stalker x2  
  97  7:03  Shield Battery  
  52  7:59  Probe x2  
  54  8:10  Probe  
  54  8:11  Cybernetics Core  
  54  8:12  Probe  
  56  8:13  Pylon  
  56  8:18  Probe  
  56  8:20  Pylon  
  56  8:23  Void Ray x2  
  56  8:24  Probe  
  56  8:26  Probe  
  66  8:32  Pylon  
  67  8:54  Void Ray x2  
  75  9:21  Probe x2  
  77  9:29  Void Ray x2  
  77  9:33  Probe  
  86  9:53  Zealot x2  
  86  9:57  Probe x2  
  86  9:59  Assimilator  
  92  10:09  Probe x2  
  92  10:11  Void Ray  
  92  10:12  Void Ray  
  103  10:21  Probe x2  
  93  10:33  Probe  
  46  11:20  Nexus  
  46  11:23  Void Ray x2  
  50  11:27  Pylon  
  50  11:29  Pylon  
  50  11:32  Assimilator  
  50  11:38  Assimilator  
Tags
 
Composition
MMM Bio
League
Diamond
Matchup
PvT
Spawn Locations
Cross Positions
Add a new tag
Caveats
  • Supply blocks, unpowered buildings, or Contaminate may cause inaccurate times.
  • Supply counts are checked every 10 seconds.